Map: Data-C

Players

Rob - Winner!

  • Race: Protoss Protoss
  • Spawn Location: 3:00

Galeforce

  • Race: Protoss Protoss
  • Spawn Location: 9:00

Event: DreamHack SC2 Masters 2022 Atlanta (Offline)

VOD

Have the link to the VOD?

Description

Time

  • Played on: Nov. 18, 2022, 1:37 p.m.
  • Length: 7:00

All games in this series

Show
View Real Time Build Order
Export as new Build Order

Rob Protoss - Winner!

Build Orders:  

Get SALT Encoding   

  12  0:00  Probe  
  13  0:12  Probe  
  14  0:19  Pylon  
  14  0:24  Probe  
  15  0:37  Probe (Chrono Boost)  
  15  0:38  Gateway  
  16  0:46  Probe (Chrono Boost)  
  16  0:48  Assimilator  
  17  0:52  Probe  
  18  0:57  Assimilator  
  18  1:04  Probe (Chrono Boost)  
  19  1:13  Probe (Chrono Boost)  
  19  1:18  Probe (Chrono Boost)  
  20  1:25  Cybernetics Core  
  21  1:30  Probe  
  22  1:34  Pylon  
  22  1:42  Probe  
  23  1:59  Zealot (Chrono Boost)  
  25  2:01  Warp Gate  
  25  2:08  Nexus  
  25  2:15  Probe  
  26  2:20  Stalker (Chrono Boost)  
  28  2:33  Robotics Facility  
  29  2:46  Stalker  
  29  2:48  Shield Battery, Probe  
  31  3:05  Probe  
  31  3:10  Gateway  
  31  3:19  Probe  
  30  3:31  Probe  
  30  3:32  Probe  
  32  3:37  Immortal (Chrono Boost)  
  36  3:43  Probe  
  36  3:44  Probe  
  38  3:50  Gateway, Stalker  
  40  3:55  Shield Battery  
  40  3:58  Probe  
  40  4:01  Probe  
  42  4:10  Probe  
  42  4:13  Probe  
  42  4:14  Stalker  
  46  4:27  Pylon  
  46  4:32  Pylon  
  46  4:42  Gateway x2  
  46  4:44  Gateway  
  46  4:45  Observer (Chrono Boost), Probe (Chrono Boost)  
  49  4:50  Probe (Chrono Boost)  
  49  4:51  Sentry  
  49  4:52  Sentry  
  53  4:55  Probe (Chrono Boost)  
  53  4:59  Probe (Chrono Boost), Pylon  
  55  5:01  Probe (Chrono Boost)  
  56  5:09  Probe  
  56  5:11  Warp Prism (Chrono Boost)  
  59  5:15  Sentry  
  59  5:17  Stalker  
  63  5:21  Pylon  
  63  5:22  Pylon  
  63  5:38  Immortal (Chrono Boost)  
  63  5:39  Stalker  
  69  5:49  Stalker  
  71  5:50  Stalker  
  73  5:59  Stalker x2  
  73  6:01  Probe x2  
  75  6:26  Stalker  
  75  6:27  Stalker x2  
  81  6:39  Stalker  
  67  6:59  Nexus  
Show
View Real Time Build Order
Export as new Build Order

Galeforce Protoss 

Build Orders: Oracle Opening 

Get SALT Encoding   

  12  0:00  Probe  
  13  0:12  Probe  
  14  0:17  Pylon  
  14  0:24  Probe (Chrono Boost)  
  15  0:37  Probe (Chrono Boost), Gateway  
  15  0:42  Probe (Chrono Boost)  
  16  0:46  Assimilator  
  17  0:53  Probe (Chrono Boost)  
  17  0:55  Assimilator  
  18  1:05  Probe (Chrono Boost)  
  18  1:10  Gateway  
  19  1:14  Probe (Chrono Boost)  
  20  1:22  Probe  
  21  1:26  Cybernetics Core  
  21  1:34  Probe  
  22  1:44  Pylon  
  22  1:46  Probe  
  23  2:02  Probe, Stargate  
  23  2:03  Adept  
  23  2:08  Adept  
  28  2:14  Warp Gate (Chrono Boost)  
  28  2:16  Probe  
  28  2:22  Pylon  
  29  2:28  Probe  
  30  2:40  Probe  
  30  2:43  Oracle (Chrono Boost)  
  34  2:52  Probe  
  35  3:07  Nexus  
  33  3:35  Twilight Council  
  33  3:38  Gateway  
  33  3:40  Probe  
  32  3:47  Pylon  
  32  3:52  Probe  
  33  3:58  Stalker x2  
  37  4:06  Probe  
  37  4:08  Blink (Chrono Boost)  
  38  4:11  Shield Battery  
  38  4:20  Probe x2  
  38  4:22  Stalker  
  42  4:30  Stalker  
  44  4:32  Probe  
  44  4:36  Probe  
  46  4:44  Probe  
  47  4:48  Stalker  
  47  4:49  Probe  
  47  4:50  Stalker  
  52  4:56  Probe  
  53  5:01  Probe  
  53  5:03  Stalker  
  53  5:06  Pylon  
  56  5:09  Probe  
  56  5:12  Pylon  
  56  5:13  Probe  
  56  5:14  Assimilator  
  58  5:19  Pylon  
  58  5:21  Probe  
  58  5:25  Probe  
  58  5:27  Stalker  
  62  5:38  Stalker  
  62  5:39  Stalker  
  62  5:42  Probe  
  67  5:53  Gateway  
  67  5:56  Probe x2  
  69  6:02  Stalker x3  
  75  6:09  Pylon  
  68  6:28  Zealot x3  
  46  6:48  Stalker x3  
Tags
 
Add a new tag
Caveats
  • Supply blocks, unpowered buildings, or Contaminate may cause inaccurate times.
  • Supply counts are checked every 10 seconds.